 Dungeon Sprint DCSS version 0.19-a0-1553-g64c24c3 (webtiles) character file.

23594 poirepourri the Ninja (level 12, -2/53 HPs)
             Began as a Spriggan Enchanter on Sept 14, 2016.
             Was the Champion of Dithmenos.
             Killed by angry trees
             ... awakened by a spriggan druid
              (10 damage)
             ... in the Dungeon (Sprint IV: "Fedhas' Mad Dash").
             The game lasted 00:13:11 (2847 turns).

poirepourri the Ninja (Spriggan Enchanter)          Turns: 2847, Time: 00:13:11

Health: -2/53      AC:  3    Str:  8    XL:     12   Next: 73%
Magic:  24/33      EV: 31    Int: 17    God:    Dithmenos [******]
Gold:   245        SH:  0    Dex: 21    Spells: 8 memorised, 23 levels left

rFire  x . .     SeeInvis +     o - +1 dagger (venom)
rCold  + . .     Gourm    .     b - +1 robe
rNeg   . . .     Faith    .     (shield restricted)
rPois  .         Spirit   .     (helmet restricted)
rElec  .         Dismiss  .     (no cloak)
rCorr  .         Reflect  .     (gloves unavailable)
MR     ++...     Harm     .     (boots unavailable)
Stlth  ++++++++++ NoTele   +    k - amulet of invisibility {+Inv}
                                i - ring of Buvot {Ice Str+4}
                                q - +6 ring of slaying

@: wreathed by umbra, very quick
A: unfitting armour, see invisible, herbivore 3, speed 3, slow metabolism 2
a: Shadow Step, Shadow Form, Renounce Religion, Evoke Invisibility


You were in the Dungeon.
You worshipped Dithmenos.
Dithmenos was exalted by your worship.
You were not hungry.

You visited 1 branch You collected 492 gold pieces.
You spent 247 gold pieces at shops.

Inventory:

Hand Weapons
 a - a +1 dagger
 f - a +0 rapier
 o - a +1 dagger of venom (weapon)
Armour
 b - a +1 robe (worn)
 h - a +0 buckler
Jewellery
 d - the amulet "Ittuig" {Dismiss rN+ Slay+3}
   (You found it in the Dungeon)

   [amulet of dismissal]

   It may teleport away creatures that harm you.
   It affects your accuracy and damage with ranged weapons and melee attacks
   (+3).
   It protects you from negative energy.
 i - the ring of Buvot (right hand) {Ice Str+4}
   (You found it in the Dungeon)

   [ring of ice]

   It enhances your ice magic.
   It affects your strength (+4).
   It makes you vulnerable to fire.
   It protects you from cold.
 k - the amulet of invisibility (around neck) {+Inv}
   (You found it in the Dungeon)

   [amulet of nothing]

   It lets you turn invisible.
 q - a +6 ring of slaying (left hand)
Wands
 m - a wand of lightning (5/15)
Potions
 e - a potion of brilliance {unknown}
 g - a potion of haste
Books
 c - a book of Maledictions

   Spells                             Type                      Level
   a - Corona                         Hexes                        1
   b - Ensorcelled Hibernation        Hexes/Ice                    2
   c - Confuse                        Hexes                        3
   d - Tukima's Dance                 Hexes                        3
   e - Dazzling Spray                 Conjuration/Hexes            3
 n - a book of the Dragon

   Spells                             Type                      Level
   a - Flame Tongue                   Conjuration/Fire             1
   b - Cause Fear                     Hexes                        4
   c - Bolt of Fire                   Conjuration/Fire             6
   d - Dragon Form                    Transmutation                7
   e - Dragon's Call                  Summoning                    9
 p - a book of Spatial Translocations

   Spells                             Type                      Level
   a - Apportation                    Translocation                1
   b - Blink                          Translocation                2
   c - Shroud of Golubria             Charms/Translocation         2
   d - Portal Projectile              Translocation                3
   e - Teleport Other                 Translocation                3
   f - Passage of Golubria            Translocation                4
Comestibles
 l - 9 royal jellies


   Skills:
 - Level 1.2 Fighting
 + Level 12.4 Short Blades
 + Level 12.7 Dodging
 O Level 27 Stealth
 + Level 16.5 Spellcasting
 - Level 3.0 Conjurations
 + Level 15.3 Hexes
 - Level 10.7 Translocations
 - Level 3.1 Ice Magic
 - Level 2.0 Invocations
 + Level 10.6 Evocations


You had 23 spell levels left.
You knew the following spells:

 Your Spells              Type           Power        Failure   Level  Hunger
a - Corona                Hex            ######.      0%          1    None
b - Ensorcelled Hibernat  Hex/Ice        ######       1%          2    None
c - Confuse               Hex            ######..     1%          3    None
d - Tukima's Dance        Hex            ######..     1%          3    None
e - Dazzling Spray        Conj/Hex       #####.       1%          3    None
f - Cause Fear            Hex            ######....   1%          4    None
g - Blink                 Tloc           N/A          1%          2    None
h - Teleport Other        Tloc           ######..     1%          3    None


Dungeon Overview and Level Annotations

Branches:
Dungeon (1/1)

Altars:
Cheibriados
Dithmenos
Elyvilon
Gozag
Hepliaklqana
Kikubaaqudgha
Makhleb
Nemelex Xobeh
Okawaru
Qazlal
Ru
Sif Muna
Trog
Uskayaw
Vehumet
Xom
Yredelemnul
Zin
The Shining One
Beogh
Jiyva
Lugonu

Shops:
D (!*![=*((}[[?%[=*=(*:


Innate Abilities, Weirdness & Mutations

You are tiny and cannot use many weapons and most armour.
You have supernaturally acute eyesight. (SInv)
You are a herbivore.
You cover ground extremely quickly.
You need consume almost no food.


Message History

Confirm with . or Enter, or press ? or * to list all spells.
Aiming: Dazzling Spray
Press: ? - help, Shift-Dir - straight line, f - moth of wrath
Aim: a moth of wrath (black smoke, almost dead, poisoned, umbra)
The spray of energy hits the moth of wrath.
You kill the moth of wrath!
Dithmenos accepts your kill. A tree reaches out and hits you!
The spriggan druid completely misses you.
You feel much better. Branches wave dangerously above you.
A tree reaches out and hits you!
You emit a cloud of dark smoke.
Trunks creak and shift.
A root smacks you from below.
* * * LOW HITPOINT WARNING * * *
Things that are here:
a quarterstaff; a robe Trunks creak and shift.
A root smacks you from below.
You die...

........[##...P.)'.#
####P....'......)###
##################
####∩∩∩#............#########
....∩.∩'............'.......#
####∩∩∩#............#######.#
###########################.#
.♣.)♣..♣§.♣§§♣§.♣.)♣..♣..♣..#
..§...)§§§§§§§i.@...........#
.♣.)♣..♣§§♣§§♣§.♣.)♣..♣..♣..#
####################*########
,,,*****,,,,******,,,,,,****
,,,,,,,,,,,,,,,,,,,,,,,,,,,**
,,,,,,,,,,,,,,,,,,*******,,,*
,,,,,,,,,,,,,,,,,,,,,,,,,,,**
,,,,****,,,,******,,,,,,****
***** ****** ********


You could see a spriggan druid.

Vanquished Creatures
  Agnes (D)
  4 spriggan defenders (D)
  4 spriggan berserkers (D)
  3 spriggan druids (D)
  23 oklob plants (D)
  A moth of wrath (D)
  3 demonic crawlers (D)
  3 wandering mushrooms (D)
  3 burning bushes (D)
  A queen bee (D)
  8 wasps (D)
  2 scorpions (D)
  4 killer bees (D)
  5 oklob saplings (D)
  2 worker ants (D)
  10 spriggans (D)
  A river rat (D)
  A rat (D)
  2 ballistomycetes (D)
  2 giant spores (D)
83 creatures vanquished.

Vanquished Creatures (others)
  5 fungi (D)
5 creatures vanquished.

Grand Total: 88 creatures vanquished

Notes
Turn   | Place    | Note
-------+----------+-------------------------------------------
     0 | D        | poirepourri the Spriggan Enchanter began the quest for the Orb.
     0 | D        | Reached XP level 1. HP: 9/9 MP: 5/5
     8 | D        | Reached skill level 7 in Stealth
     8 | D        | Reached XP level 2. HP: 13/13 MP: 6/6
    16 | D        | Learned a level 2 spell: Ensorcelled Hibernation
    19 | D        | Noticed an oklob sapling
    21 | D        | Killed an oklob sapling
    21 | D        | Reached skill level 5 in Dodging
    21 | D        | Reached skill level 9 in Stealth
    21 | D        | Reached XP level 3. HP: 16/16 MP: 8/8
    26 | D        | Learned a level 3 spell: Confuse
    30 | D        | Reached skill level 10 in Stealth
    47 | D        | Noticed an oklob sapling
    50 | D        | Killed an oklob sapling
    50 | D        | Reached skill level 11 in Stealth
    50 | D        | Reached XP level 4. HP: 21/21 MP: 9/9
    63 | D        | Found an opulent altar of Gozag.
    63 | D        | Found a hazy altar of Hepliaklqana.
    63 | D        | Found a burning altar of Makhleb.
    63 | D        | Found a roughly hewn altar of Beogh.
    63 | D        | Found a sparkling altar of Nemelex Xobeh.
    63 | D        | Found a snail-covered altar of Cheibriados.
    63 | D        | Found a sacrificial altar of Ru.
    63 | D        | Found a deep blue altar of Sif Muna.
    63 | D        | Found a shimmering altar of Xom.
    63 | D        | Found a basalt altar of Yredelemnul.
    64 | D        | Found a viscous altar of Jiyva.
    64 | D        | Found a bloodstained altar of Trog.
    65 | D        | Found an iron altar of Okawaru.
    65 | D        | Found a glowing silver altar of Zin.
    65 | D        | Found a shadowy altar of Dithmenos.
    66 | D        | Found a hide-covered altar of Uskayaw.
    66 | D        | Found an ancient bone altar of Kikubaaqudgha.
    67 | D        | Found a stormy altar of Qazlal.
    67 | D        | Found a glowing golden altar of the Shining One.
    67 | D        | Found a white marble altar of Elyvilon.
    68 | D        | Found a radiant altar of Vehumet.
    68 | D        | Found a corrupted altar of Lugonu.
    71 | D        | Reached skill level 13 in Stealth
    76 | D        | Became a worshipper of Dithmenos the Shadowed
    86 | D        | Reached skill level 14 in Stealth
    86 | D        | Reached XP level 5. HP: 24/24 MP: 10/10
   100 | D        | Learned a level 3 spell: Tukima's Dance
   105 | D        | Reached skill level 15 in Stealth
   111 | D        | Reached * piety under Dithmenos
   332 | D        | Noticed a queen bee
   346 | D        | Killed a queen bee
   346 | D        | Reached skill level 1 in Fighting
   346 | D        | Reached skill level 17 in Stealth
   346 | D        | Reached XP level 6. HP: 30/30 MP: 11/11
   347 | D        | Reached ** piety under Dithmenos
   347 | D        | Reached skill level 18 in Stealth
   348 | D        | Reached XP level 7. HP: 33/33 MP: 12/12
   399 | D        | Found Ugefuc's Armour Shop.
   399 | D        | Found Muerchab's Food Emporium.
   406 | D        | Noticed a burning bush
   406 | D        | Noticed a wandering mushroom
   407 | D        | Noticed a wandering mushroom
   410 | D        | Killed a burning bush
   410 | D        | Reached *** piety under Dithmenos
   410 | D        | Reached skill level 19 in Stealth
   410 | D        | Reached skill level 5 in Hexes
   411 | D        | Killed a wandering mushroom
   411 | D        | Reached skill level 5 in Short Blades
   411 | D        | Reached skill level 20 in Stealth
   411 | D        | Reached skill level 5 in Spellcasting
   411 | D        | Reached XP level 8. HP: 37/37 MP: 12/16
   414 | D        | Killed a wandering mushroom
   549 | D        | Learned a level 3 spell: Dazzling Spray
   550 | D        | Found Hihog's Antique Weapon Emporium.
   550 | D        | Found Sathrergha's Jewellery Shoppe.
   562 | D        | Learned a level 4 spell: Cause Fear
   564 | D        | Bought a runed dagger for 52 gold pieces
   611 | D        | Noticed an oklob plant
   614 | D        | Killed an oklob plant
   614 | D        | Reached **** piety under Dithmenos
   614 | D        | Reached skill level 21 in Stealth
   631 | D        | Noticed a burning bush
   635 | D        | Killed a burning bush
   635 | D        | Reached skill level 22 in Stealth
   751 | D        | Noticed a burning bush
   751 | D        | Noticed an oklob plant
   752 | D        | Noticed a wandering mushroom
   753 | D        | Killed a burning bush
   753 | D        | Reached XP level 9. HP: 41/41 MP: 20/20
   762 | D        | Killed an oklob plant
   762 | D        | Reached skill level 23 in Stealth
   765 | D        | Killed a wandering mushroom
   765 | D        | Reached ***** piety under Dithmenos
   765 | D        | Reached skill level 1 in Invocations
   877 | D        | Noticed a spriggan druid
   878 | D        | Killed a spriggan druid
   878 | D        | Reached skill level 10 in Dodging
   990 | D        | Noticed an oklob plant conjurer
   996 | D        | Killed an oklob plant conjurer
   996 | D        | Reached skill level 24 in Stealth
  1006 | D        | Learned a level 2 spell: Blink
  1046 | D        | Noticed Agnes
  1048 | D        | Found Babing's Jewellery Emporium.
  1048 | D        | Found Dicadden's General Store.
  1049 | D        | Killed Agnes
  1049 | D        | Reached skill level 25 in Stealth
  1049 | D        | Reached XP level 10. HP: 45/45 MP: 18/24
  1052 | D        | Noticed a spriggan berserker
  1054 | D        | Killed a spriggan berserker
  1054 | D        | Reached skill level 10 in Hexes
  1060 | D        | Noticed a spriggan defender
  1070 | D        | Killed a spriggan defender
  1070 | D        | Reached skill level 26 in Stealth
  1070 | D        | Reached skill level 10 in Spellcasting
  1070 | D        | Reached skill level 1 in Evocations
  1083 | D        | Bought a potion of heal wounds for 60 gold pieces
  1095 | D        | Noticed a spriggan rider
  1099 | D        | Killed a spriggan rider
  1099 | D        | Reached skill level 1 in Conjurations
  1112 | D        | Noticed a ghost moth
  1113 | D        | Found Ceoqus's Distillery.
  1113 | D        | Found Megad Kysu's Assorted Antiques.
  1113 | D        | Found Pyatwo's Weapon Shoppe.
  1174 | D        | HP: 2/45 [poisoned by a ghost moth]
  1598 | D        | Noticed an oklob plant shifter
  1598 | D        | Noticed an oklob plant meteorologist
  1600 | D        | Killed an oklob plant meteorologist
  1600 | D        | Reached skill level 10 in Short Blades
  1600 | D        | Reached skill level 27 in Stealth
  1600 | D        | Reached XP level 11. HP: 49/49 MP: 21/26
  1604 | D        | Killed an oklob plant shifter
  1636 | D        | Noticed a spriggan rider
  1642 | D        | Killed a spriggan rider
  1642 | D        | Reached ****** piety under Dithmenos
  1708 | D        | Found Xaok's Antique Armour Shoppe.
  1708 | D        | Found Jojariuq's Jewellery Boutique.
  1708 | D        | Found Rubisus's Antique Weapon Emporium.
  1709 | D        | Found Agogalab's Distillery.
  1709 | D        | Found Ihextusaty's General Store.
  1710 | D        | Found Joraig's Gadget Emporium.
  1710 | D        | Found Baolioxi's Antique Armour Shop.
  1710 | D        | Found Cuphuv's Weapon Boutique.
  1735 | D        | Noticed an oklob plant
  1735 | D        | Noticed an oklob plant
  1735 | D        | Noticed an oklob plant
  1735 | D        | Noticed an oklob plant
  1735 | D        | Noticed an oklob plant
  1735 | D        | Noticed an oklob plant
  1736 | D        | Noticed an oklob plant
  1737 | D        | Killed an oklob plant
  1737 | D        | Reached skill level 5 in Evocations
  1738 | D        | Noticed an oklob plant
  1738 | D        | Noticed an oklob plant
  1738 | D        | Noticed an oklob plant
  1738 | D        | Noticed an oklob plant
  1739 | D        | Killed an oklob plant
  1741 | D        | Killed an oklob plant
  1742 | D        | Killed an oklob plant
  1744 | D        | Killed an oklob plant
  1763 | D        | Noticed an oklob plant summoner
  1764 | D        | Found Curgh's Armour Emporium.
  1765 | D        | Found Liomimul's Magic Scroll Shop.
  1767 | D        | Killed an oklob plant summoner
  1772 | D        | Noticed an oklob plant demonologist
  1772 | D        | Noticed an oklob plant annihilator
  1773 | D        | Noticed a spriggan berserker
  1775 | D        | Killed a spriggan berserker
  1776 | D        | Killed an oklob plant demonologist
  1781 | D        | Killed an oklob plant annihilator
  1787 | D        | Got a shimmering platinum amulet
  1789 | D        | Identified the amulet "Ittuig" {Dismiss rN+ Slay+3} (You found it in the Dungeon)
  1985 | D        | Noticed an oklob plant
  1987 | D        | Killed an oklob plant
  2177 | D        | Noticed an oklob plant
  2177 | D        | Noticed an oklob plant summoner
  2178 | D        | Noticed an oklob plant shifter
  2179 | D        | Killed an oklob plant
  2183 | D        | Killed an oklob plant shifter
  2185 | D        | Killed an oklob plant summoner
  2185 | D        | Reached skill level 5 in Translocations
  2200 | D        | Noticed a spriggan rider
  2201 | D        | Found Zuus's Assorted Antiques.
  2441 | D        | Found Vaic's Book Shoppe.
  2455 | D        | Got a steaming silver ring
  2456 | D        | Identified the ring of Buvot {Ice Str+4} (You found it in the Dungeon)
  2464 | D        | Bought a potion of heal wounds for 135 gold pieces
  2495 | D        | Learned a level 3 spell: Teleport Other
  2586 | D        | Killed an oklob plant
  2586 | D        | Reached XP level 12. HP: 53/53 MP: 23/30
  2632 | D        | Noticed a spriggan defender
  2632 | D        | Noticed a spriggan defender
  2635 | D        | Killed a spriggan defender
  2636 | D        | Killed a spriggan defender
  2636 | D        | Reached skill level 15 in Spellcasting
  2636 | D        | Reached skill level 10 in Translocations
  2654 | D        | Reached skill level 10 in Evocations
  2682 | D        | Reached skill level 15 in Hexes
  2810 | D        | Noticed a spriggan defender
  2833 | D        | Killed a spriggan defender
  2847 | D        | Killed from afar by a spriggan druid

Vault maps used:
D:        dungeon_sprint_fedhas

Skill      XL: |  1  2  3  4  5  6  7  8  9 10 11 12 |
---------------+-------------------------------------+-----
Stealth        | 7 9 11 14 17 18 20 22 25 27 | 27.0
Dodging        | 5 6 7 9 10 11 12 | 12.7
Short Blades   | 2 3 4 5 6 8 10 11 12 | 12.4
Fighting       | 1 |  1.2
Ice Magic      | 2 3 |  3.1
Spellcasting   | 5 7 9 10 13 16 | 16.5
Hexes          | 5 7 9 11 13 15 | 15.3
Invocations    | 1 2 |  2.0
Evocations     | 3 7 10 | 10.6
Conjurations   | 1 3 |  3.0
Translocations | 7 10 | 10.7

Action                   |  1- 3 |  4- 6 |  7- 9 | 10-12 || total
-------------------------+-------+-------+-------+-------++-------
Melee: Dagger            |     6 |     5 |    28 |    82 ||   121
       Rapier            |       |     3 |     6 |       ||     9
 Cast: Ensorcelled Hiber |       |    12 |       |     7 ||    19
       Confuse           |       |       |     5 |     5 ||    10
       Dazzling Spray    |       |       |     1 |    14 ||    15
       Blink             |       |       |       |     4 ||     4
Invok: Shadow Step       |       |       |     2 |    13 ||    15
 Abil: Evoke Invisibilit |       |       |       |     3 ||     3
  Use: Potion            |       |     3 |       |     5 ||     8
       Scroll            |       |       |     1 |     2 ||     3
 Stab: Sleeping          |     4 |     8 |    13 |    31 ||    56
       Confused          |       |       |     2 |     2 ||     4
       Invisible         |       |       |       |     7 ||     7
  Eat: Bread ration      |       |       |       |     1 ||     1
Dodge: Dodged            |     2 |    11 |     1 |    39 ||    53
